 Dungeon Crawl Stone Soup version 0.22-a0-412-g2b68d14 (webtiles) character file.

410 Borgoz the Skirmisher (level 6, -4/39 HPs)
             Began as a Gargoyle Abyssal Knight on May 12, 2018.
             Was a Believer of Lugonu.
             Slain by a mummy (12 damage)
             ... in an ossuary.
             The game lasted 00:05:40 (3588 turns).

Borgoz the Skirmisher (Gargoyle Abyssal Knight)     Turns: 3588, Time: 00:05:41

Health: -4/39      AC: 10    Str: 15    XL:     6   Next: 89%
Magic:  8/8        EV: 11    Int: 13    God:    Lugonu [**....]
Gold:   191        SH:  0    Dex: 15    Spells: 5/5 levels left

rFire    . . .     SeeInvis .   a - +1 hand axe
rCold    . . .     Gourm    .   (no shield)
rNeg     + . .     Faith    .   j - +0 ring mail (curse)
rPois    ∞         Spirit   .   (no helmet)
rElec    +         Reflect  .   (no cloak)
rCorr    .         Harm     .   (no gloves)
MR       .....                  (no boots)
Stlth    +.........             (no amulet)
HPRegen  0.13/turn              b - +4 ring of dexterity
MPRegen  0.11/turn              (no ring)

@: no status effects
A: negative energy resistance 1, electricity resistance, unbreathing,
petrification resistance, rot immunity, AC +4
a: Depart the Abyss, Bend Space, Renounce Religion


You were in an ossuary.
You worshipped Lugonu.
Lugonu was pleased with you.
You were hungry.

You visited 1 branch of the dungeon, and saw 4 of its levels.
You visited the Abyss 1 time.
You also visited: Ossuary.

You collected 191 gold pieces.

Inventory:

Hand Weapons
 a - a +1 hand axe (weapon)
Armour
 j - a cursed +0 ring mail (worn)
Jewellery
 b - a +4 ring of dexterity (left hand)
Scrolls
 f - a scroll of noise
 h - a scroll of immolation
 i - 2 scrolls of remove curse
 k - 2 scrolls of enchant weapon
 l - 5 scrolls of teleportation
 n - a scroll of amnesia
 o - a scroll of magic mapping
 r - a scroll of blinking {unknown}
 s - a scroll of enchant armour {unknown}
 t - a scroll of random uselessness {unknown}
Potions
 d - a potion of berserk rage
 e - a potion of lignification
 g - a potion of brilliance
Comestibles
 c - 7 rations


   Skills:
 + Level 4.6 Fighting
 + Level 3.1 Axes
 + Level 4.0 Armour
 + Level 2.4 Dodging
 + Level 3.8 Invocations


You had 5 spell levels left.
You didn't know any spells.
Your spell library was empty.

Dungeon Overview and Level Annotations

Branches:
Dungeon (4/15)
 Temple: D:4-7

Altars:
Fedhas


Innate Abilities, Weirdness & Mutations

You are resistant to torment.
Your stone body is resilient. (AC +4)
You are immune to poison.
You resist negative energy. (rN+)
You are resistant to electric shocks. (rElec)
You can survive without breathing.
You are immune to petrification.
You are immune to rotting.


Message History

The mummy is severely damaged.
The mummy hits you!
You closely miss the mummy.
The mummy is severely damaged.
You barely miss the mummy.
The mummy is severely damaged.
The mummy closely misses you.
You hit the mummy but do no damage.
The mummy is severely damaged.
The mummy hits you!
You barely miss the mummy.
The mummy is severely damaged.
You hit the mummy.
The mummy is severely damaged.
The mummy hits you!
* * * LOW HITPOINT WARNING * * *
You hit the mummy.
The mummy is almost destroyed.
The mummy hits you!
You die...

########################
$#...........∩..........
$#......................
##.........#####........
......M@................
........................
....##...............##.
....##...............##.
.. .....................
.....................
..........∩..........
..........∩..........
.....................


You could see a mummy.

Vanquished Creatures
  An elf zombie (Ossuary)
  2 human zombies (Ossuary)
  A worker ant (D:4)
  3 big kobold zombies (Ossuary)
  A hound zombie (Ossuary)
  A mummy (Ossuary)
  Robin (D:3)
  8 adders
  An adder zombie (Ossuary)
  A worm (D:3)
  A dart slug (D:1)
  2 leopard geckos
  10 bats
  2 giant cockroaches
  22 goblins
  5 hobgoblins
  5 jackals (D:1)
  A quokka (D:2)
  A ball python (D:3)
  4 frilled lizards
  A jackal zombie (Ossuary)
  12 kobolds
  3 kobold zombies (Ossuary)
  4 rats
93 creatures vanquished.

Notes
Turn   | Place    | Note
-------+----------+-------------------------------------------
     0 | Abyss:1  | Borgoz the Gargoyle Abyssal Knight began the quest for the Orb.
     0 | Abyss:1  | Reached XP level 1. HP: 14/14 MP: 2/2
    50 | Abyss:1  | Noticed a ynoxinul
    52 | Abyss:1  | Noticed a thrashing horror
    56 | D:1      | Escaped the Abyss
   105 | D:1      | Reached skill level 1 in Dodging
   105 | D:1      | Reached XP level 2. HP: 19/19 MP: 3/3
   117 | D:1      | Reached * piety under Lugonu
   271 | D:1      | Reached XP level 3. HP: 22/23 MP: 4/4
  1083 | D:2      | Found a faded altar of an unknown god.
  1207 | D:2      | Reached XP level 4. HP: 29/29 MP: 6/6
  1684 | D:2      | Reached ** piety under Lugonu
  2028 | D:3      | Noticed Robin
  2192 | D:2      | Reached XP level 5. HP: 25/33 MP: 7/7
  2272 | D:3      | Killed Robin
  2509 | D:3      | Found a blossoming altar of Fedhas.
  3035 | D:4      | Found a sand-covered staircase.
  3044 | Ossuary  | Entered an ossuary
  3070 | Ossuary  | Reached XP level 6. HP: 9/38 MP: 8/8
  3074 | Ossuary  | HP: 1/58 [human zombie (3)]
  3588 | Ossuary  | Slain by a mummy

Vault maps used:
D:1:      mrwooster_arrival_statue_3
D:2:      chequers_ecumenical_altar_simple, serial_corexii_hall,
          corexii_hall_statues_deadend, corexii_hall_statues_i,
          corexii_hall_statues_deadend, corexii_hall_statues_i,
          corexii_hall_statues_deadend, corexii_hall_statues_x,
          minmay_misc_feat_alley, minmay_split_cup_large
D:3:      first_ration, kennysheep_pointless_box, fedhas_altar_3, uniq_robin
D:4:      enter_ossuary_3, serial_shops, shop, uniq_ijyb
Ossuary:  ossuary_minmay_tomb_2a

Skill      XL: |  1  2  3  4  5  6 |
---------------+-------------------+-----
Dodging        | 1 2 |  2.4
Axes           | 2 3 |  3.1
Armour         | 3 4 |  4.0
Invocations    | 3 |  3.8
Fighting       | 4 |  4.6

Action                   |  1- 3 |  4- 6 || total
-------------------------+-------+-------++-------
Melee: Hand axe          |   130 |   190 ||   320
Invok: Depart the Abyss  |     1 |       ||     1
  Use: Potion            |       |     6 ||     6
       Scroll            |       |    10 ||    10
  Eat: Chunk             |     1 |     7 ||     8
Armor: Leather armour    |    30 |       ||    30
       Ring mail         |    49 |   123 ||   172
       Skin              |       |    43 ||    43
Dodge: Dodged            |   103 |   149 ||   252

Table legend:
 A = Spawn XP
 B = Non-spawn XP
 C = Spawn XP percentage of total XP
 D = Spawn monster count
 E = Non-spawn monster count
 F = Spawn count percentage of total count
 G = Total turns spent on level
                    A         B        C        D         E        F      G
               +---------+---------+-------+---------+---------+-------+---------
         Total |       0 |     586 |   0.0 |       0 |      93 |   0.0 |  3588
               +---------+---------+-------+---------+---------+-------+---------
           D:1 |       0 |      48 |   0.0 |       0 |      27 |   0.0 |   682
           D:2 |       0 |     115 |   0.0 |       0 |      35 |   0.0 |  1511
           D:3 |       0 |      69 |   0.0 |       0 |      16 |   0.0 |   730
           D:4 |       0 |      45 |   0.0 |       0 |       2 |   0.0 |    65
       Ossuary |       0 |     309 |   0.0 |       0 |      13 |   0.0 |   544
               +---------+---------+-------+---------+---------+-------+---------
